 Dungeon Crawl Stone Soup version 0.21.1-1-g345015f (webtiles) character file.

8 Goblin1989 the Conjurer (level 2, 0/19 HPs)
             Began as a Demonspawn Conjurer on Mar 18, 2018.
             Slain by a jackal (1 damage)
             ... on level 1 of the Dungeon.
             The game lasted 00:01:37 (248 turns).

Goblin1989 the Conjurer (Demonspawn Conjurer)        Turns: 248, Time: 00:01:37

Health: 0/19       AC:  2    Str:  8    XL:     2   Next: 0%
Magic:  0/5        EV: 12    Int: 16    God:
Gold:   23         SH:  0    Dex: 13    Spells: 4/5 levels left

rFire    . . .     SeeInvis .   g - +0 hand axe
rCold    . . .     Gourm    .   (no shield)
rNeg     . . .     Faith    .   a - +0 robe
rPois    .         Spirit   +   (no helmet)
rElec    .         Reflect  .   (no cloak)
rCorr    .         Harm     .   (no gloves)
MR       .....                  (no boots)
Stlth    ++........             (no amulet)
HPRegen  0.06/turn              (no ring)
MPRegen  0.09/turn              (no ring)

@: no status effects
A: magic shield
a: no special abilities


You were on level 1 of the Dungeon.
You were not hungry.

You visited 1 branch of the dungeon, and saw 1 of its levels.

You collected 23 gold pieces.

Inventory:

Hand Weapons
 g - a +0 hand axe (weapon)
Armour
 a - a +0 robe (worn)
Scrolls
 h - a scroll of fear {unknown}
 i - a scroll of teleportation {unknown}
Books
 e - a book of Conjurations

   Spells                             Type                      Level
   a - Magic Dart                     Conjuration                  1
   b - Searing Ray                    Conjuration                  2
   c - Dazzling Spray                 Conjuration/Hexes            3
   d - Fulminant Prism                Conjuration/Hexes            4
   e - Force Lance                    Conjuration/Translocation    4
   f - Iskenderun's Mystic Blast      Conjuration                  4
Comestibles
 c - 2 rations
 f - 2 chunks of flesh


   Skills:
 - Level 1.7 Dodging
 - Level 1.7 Stealth
 + Level 2.2 Spellcasting
 * Level 4.3 Conjurations


You had 4 spell levels left.
You knew the following spells:

 Your Spells              Type           Power        Failure   Level  Hunger
a - Magic Dart            Conj           ###.         3%          1    #......


Dungeon Overview and Level Annotations

Branches:
Dungeon (1/15)

Altars:


Innate Abilities, Weirdness & Mutations

When hurt, damage is shared between your health and your magic reserves.


Message History

The magic dart hits the jackal.
The jackal is moderately wounded.
A jackal comes into view.
You now have 0/3 mp.
Casting: Magic Dart
Confirm with . or Enter, or press ? or * to list all spells.
You don't have enough magic to cast that spell.
Casting: Magic Dart
Confirm with . or Enter, or press ? or * to list all spells.
You don't have enough magic to cast that spell.
The jackal bites you but does no damage.
The jackal bites you.
You take 1 damage, and have 12/13 hp.
The jackal misses you. The jackal completely misses you.
Casting: Magic Dart
Confirm with . or Enter, or press ? or * to list all spells.
Aiming: Magic Dart
Press: ? - help, Shift-Dir - straight line, f/p - jackal
Aim: a jackal The magic dart hits the jackal.
The jackal is lightly wounded.
The jackal completely misses you. The jackal closely misses you.
You now have 0/3 mp.
Casting: Magic Dart
Confirm with . or Enter, or press ? or * to list all spells.
You don't have enough magic to cast that spell.
Casting: Magic Dart
Confirm with . or Enter, or press ? or * to list all spells.
You don't have enough magic to cast that spell.
The jackal closely misses you.
You see here a rat skeleton.
The jackal closely misses you. The jackal bites you.
The jackal bites you but does no damage.
You take 1 damage, and have 11/13 hp.
The jackal closely misses you. The jackal misses you. The jackal bites you.
You take 2 damage, and have 10/13 hp.
Some of the chunks of flesh in your inventory have rotted away.
The jackal bites you.
You take 1 damage, and have 9/13 hp.
The jackal bites you but does no damage.
The jackal bites you.
You take 1 damage, and have 8/13 hp.
The jackal barely misses you. The jackal closely misses you.
MP restored: 3
Casting: Magic Dart
Confirm with . or Enter, or press ? or * to list all spells.
Aiming: Magic Dart
Press: ? - help, Shift-Dir - straight line, f/p - jackal
Aim: a jackal The magic dart hits the jackal.
The jackal bites you.
You take 1 damage, and have 7/13 hp.
You now have 2/3 mp.
Casting: Magic Dart
Confirm with . or Enter, or press ? or * to list all spells.
Aiming: Magic Dart
Press: ? - help, Shift-Dir - straight line, f/p - jackal
Aim: a jackal The magic dart hits the jackal.
The jackal is lightly wounded.
The jackal bites you.
* * * LOW HITPOINT WARNING * * *
The jackal misses you.
You take 2 damage, and have 5/13 hp.
You now have 1/3 mp.
Casting: Magic Dart
Confirm with . or Enter, or press ? or * to list all spells.
Aiming: Magic Dart
Press: ? - help, Shift-Dir - straight line, f/p - jackal
Aim: a jackal (lightly wounded)
The magic dart hits the jackal.
The jackal is severely wounded.
The jackal bites you but does no damage.
You now have 0/3 mp.
Wield which item (- for none, * to show all)? (? for menu, Esc to quit)
g - a +0 hand axe (weapon)
The jackal bites you.
* * * LOW HITPOINT WARNING * * *
You take 3 damage, and have 2/13 hp.
MASSIVE DAMAGE!!
You closely miss the jackal.
The jackal is severely wounded.
The jackal misses you.
The jackal bites you but does no damage.
Unknown command.
You hit the jackal.
You kill the jackal!
You have reached level 2!
Your demonic ancestry asserts itself...
You feel your magical essence form a protective shroud around your flesh.
The jackal bites you.
* * * LOW HITPOINT WARNING * * *
You miss the jackal. The jackal closely misses you.
The jackal bites you but does no damage.
You hit the jackal.
The jackal is severely wounded.
The jackal bites you.
* * * LOW HITPOINT WARNING * * *
The jackal bites you.
You die...

█.███ ███.█ █.......... █.>█
██.█ █.......... ██.██
█>.████.......... █..>█
██............... █..██
█<............... █████..███
███.......█.......
█........███...████.......██.
█.......h.█...............█
█......█.███@█............█
█......█.█.█h█....†..........
█........h..h.......██████...
█.......███████..............
█.......█ ███.........██.
█..........█ █.........█ .
█..........█ █.....)...█
█............ ..........█
█............. ............


You could see 2 jackals.

Vanquished Creatures
  A bat (D:1)
  2 jackals (D:1)
  2 ball pythons (D:1)
  A kobold (D:1)
  2 rats (D:1)
8 creatures vanquished.

Notes
Turn   | Place    | Note
-------+----------+-------------------------------------------
     0 | D:1      | Goblin1989 the Demonspawn Conjurer began the quest for the Orb.
     0 | D:1      | Reached XP level 1. HP: 13/13 MP: 3/3
   246 | D:1      | Gained mutation: When hurt, damage is shared between your health and your magic reserves. [demonic ancestry]
   246 | D:1      | Reached XP level 2. HP: 4/19 MP: 0/5
   248 | D:1      | Slain by a jackal

Action                   || total
-------------------------++-------
Melee: Hand axe          ||     4
       Unarmed           ||     2
 Cast: Magic Dart        ||    17
Armor: Robe              ||     6
Dodge: Dodged            ||    23

Vault maps used:
D:1:      onia_arrival_handbag, minmay_pentomino_z2
